 Dungeon Sprint DCSS version 0.31-a0-1511-g961fd35ebc (webtiles) character file.

Game seed: 11841402028789534758

40470 Hexicom the Axe Maniac (level 14, -4/165 HPs)
             Began as a Hill Orc Berserker on Dec 30, 2023.
             Was the Champion of Trog.
             Slain by an alligator snapping turtle (36 damage)
             ... in the Dungeon (Sprint IX: "|||||||||||||||||||||||||||||").
             The game lasted 00:22:55 (4561 turns).

Hexicom the Axe Maniac (Hill Orc Berserker)         Turns: 4561, Time: 00:23:02

Health: -4/165     AC: 24    Str: 25    XL:     14   Next: 11%
Magic:  14/14      EV: 14    Int:  7    God:    Trog [******]
Gold:   816        SH:  5    Dex: 10    Spells: 13/13 levels left

rFire   + . .        C - +7 battleaxe (flame)
rCold   + + +        (shield currently unavailable)
rNeg    . . .        L - +3 chain mail
rPois   .            (no helmet)
rElec   .            E - scarf {rC+ rF+}
rCorr   .            z - +0 pair of gloves
SInv    .            N - +1 pair of boots
Will    .....        F - amulet "Xuepresif" {Reflect rC++ Will- SH+5 Stlth+} Stlth
                     p - +2 ring of evasion
HPRegen 0.47/turn    q - +2 ring of evasion
MPRegen 0.14/turn

%: no teleportation, reflection
@: afraid, on berserk cooldown, slowed, very slow
A: no striking features
a: Renounce Religion, Berserk, Trog's Hand, Brothers in Arms


You were in the Dungeon.
You worshipped Trog.
Trog was exalted by your worship.
You visited 1 branch You collected 1934 gold pieces.
You spent 1118 gold pieces at shops.

Inventory:

Hand Weapons
 a - a +0 hand axe
 b - a +6 battleaxe
 e - a +6 battleaxe
 i - a +0 dagger
 l - a +3 war axe of electrocution
 t - a +0 flail
 A - a +4 heavy executioner's axe
 B - a +5 antimagic broad axe
 C - a +7 battleaxe of flaming (weapon)
Armour
 z - a +0 pair of gloves (worn)
 E - a scarf of resistance (worn)
 L - a +3 chain mail (worn)
 N - a +1 pair of boots (worn)
Jewellery
 p - a +2 ring of evasion (left hand)
 q - a +2 ring of evasion (right hand)
 F - the amulet "Xuepresif" (around neck) {Reflect rC++ Will- SH+5 Stlth+}
   (You bought it in a shop in the Dungeon)

   [amulet of reflection]

   Reflect:   It reflects blocked missile attacks.
   rC++:      It greatly protects you from cold.
   Will-:     It decreases your willpower.
   SH+5:      It affects your SH (+5).
   Stlth+:    It makes you more stealthy.
 G - a ring of wizardry
 H - a ring of willpower
 I - a ring of ice
 J - a ring of poison resistance
 K - a ring of fire
Wands
 k - a wand of roots (9)
 m - a wand of mindburst (12)
Scrolls
 h - 3 scrolls of blinking
 j - 2 scrolls of amnesia
 r - a scroll of poison
 u - a scroll of fog
 v - 3 scrolls of identify
 x - a scroll of immolation
 Q - 2 scrolls of fear
Potions
 c - 6 potions of curing
 d - 7 potions of heal wounds
 f - 4 potions of magic
 g - 2 potions of berserk rage
 w - a potion of brilliance
Miscellaneous
 s - a phial of floods


   Skills:
 + Level 26.1 Fighting
 O Level 27 Axes
 + Level 23.3 Armour
 - Level 1.9 Dodging


You had 13 spell levels left.
You didn't know any spells.
Your spell library was empty.

Dungeon Overview and Level Annotations

Branches:
Dungeon (1/1)

Altars:
Cheibriados
Dithmenos
Elyvilon
Fedhas
Gozag
Hepliaklqana
Kikubaaqudgha
Makhleb
Nemelex Xobeh
Okawaru
Qazlal
Ru
Sif Muna
Trog
Uskayaw
Vehumet
Wu Jian
Xom
Yredelemnul
Zin
The Shining One
Beogh
Jiyva
Lugonu

Shops:
D ([(=


Message History

The alligator snapping turtle bites you!
You block the merfolk impaler's attack.
The satyr plays a frightful melody on its pipes!
The satyr radiates an aura of fear!
You are terrified of the satyr!
The alligator snapping turtle bites you!!
You hit the alligator snapping turtle. You burn the alligator snapping turtle.
The alligator snapping turtle is lightly wounded.
The merfolk impaler hits you from afar with a +2 trident of protection!
The merfolk impaler misses you.
You slash the alligator snapping turtle!
You burn the alligator snapping turtle.
The alligator snapping turtle is lightly wounded.
The merfolk impaler hits you from afar with a +2 trident of protection.
The alligator snapping turtle closely misses you.
The merfolk impaler hits you but does no damage.
You hit the alligator snapping turtle. You burn the alligator snapping turtle.
The alligator snapping turtle is moderately wounded.
The merfolk impaler barely misses you.
The alligator snapping turtle closely misses you.
You block the merfolk impaler's attack.
You slash the alligator snapping turtle!
You burn the alligator snapping turtle.
The alligator snapping turtle is moderately wounded.
The merfolk impaler hits you from afar with a +2 trident of protection!
The alligator snapping turtle bites you!!
* * * LOW HITPOINT WARNING * * *
You completely miss the alligator snapping turtle.
The alligator snapping turtle is moderately wounded.
The merfolk impaler closely misses you.
The merfolk impaler hits you from afar with a +2 trident of protection!
* * * LOW HITPOINT WARNING * * *
The alligator snapping turtle closely misses you.
You hit the alligator snapping turtle. You burn the alligator snapping turtle.
The alligator snapping turtle is moderately wounded.
The merfolk impaler hits you but does no damage.
The merfolk impaler hits you from afar with a +2 trident of protection.
* * * LOW HITPOINT WARNING * * *
The alligator snapping turtle bites you!!!
You die...

..'.....∩.∩)∩.∩.)))))......))))))
▓▓▓▓▓▓▓▓▓▓▓▓▓▓▓▓▓▓▓▓▓▓▓▓▓▓▓▓▓▓▓▓▓
.......).........................
▓▓▓▓▓▓▓▓▓▓▓▓▓▓▓▓▓▓▓▓▓▓▓▓▓▓▓▓▓▓▓▓▓
..'....(...[)))).)'....[.....[..[
▓▓▓▓▓▓▓▓▓▓▓▓▓▓▓▓▓▓▓▓▓▓▓▓▓▓▓▓▓▓▓▓▓
........)).......................
▓▓▓▓▓▓▓▓▓▓▓▓▓▓▓▓▓▓▓▓▓▓▓▓▓▓♣♣♣♣♣♣♣
.cS..cSmmt@.......†).......
▓▓▓▓▓▓▓▓▓▓▓▓▓▓▓▓▓▓▓▓♣♣♣♣♣♣♣


You could see an alligator snapping turtle, a merfolk impaler, a satyr (scary),
a sea snake and a merfolk.

Vanquished Creatures
  A tengu reaver (D)
  A stone giant (D)
  A very ugly thing (D)
  An eleionoma (D)
  Azrael (D)
  An ettin (D)
  An ice dragon (D)
  An entropy weaver (D)
  A fire dragon (D)
  A shambling mangrove (D)
  4 hydras (D)
  3 ogre magi (D)
  An alligator (D)
  A radroach (D)
  2 centaur warriors (D)
  3 anacondas (D)
  Erica (D)
  A boulder beetle (D)
  A tengu warrior (D)
  5 two-headed ogres (D)
  2 orc high priests (D)
  A death yak (D)
  A spriggan berserker (D)
  Urug (D)
  A sea snake (D)
  A pharaoh ant (D)
  A swamp dragon (D)
  An orb spider (D)
  2 arcanists (D)
  A lindwurm (D)
  A mana viper (D)
  2 orc knights (D)
  3 ugly things (D)
  2 manticores (D)
  2 meliai (D)
  5 black mambas (D)
  A guardian serpent (D)
  A merfolk siren (D)
  A torpor snail (D)
  4 cane toads (D)
  A rime drake (shapeshifter) (D)
  2 rime drakes (D)
  A komodo dragon (D)
  A merfolk (D)
  2 tyrant leeches (D)
  A slime creature (D)
  2 jumping spiders (D)
  A vampire (D)
  A basilisk (D)
  A yak (D)
  A wraith (D)
  Eustachio (D)
  4 fire elementals (D)
  A wyvern (D)
  2 wargs (D)
  A redback (D)
  2 acid dragons (D)
  3 hell hounds (D)
  3 water moccasins (D)
  8 orc warriors (D)
  5 ogres (D)
  4 wolves (D)
  A phantom (D)
  2 bullfrogs (D)
  A kobold brigand (D)
  A gnoll sergeant (D)
  3 orc priests (D)
  2 iguanas (D)
  2 orc wizards (D)
  An ufetubus (D)
  A dart slug (D)
  8 orcs (D)
  3 endoplasms (D)
  A hobgoblin (D)
  A ball python (D)
141 creatures vanquished.

Notes
Turn   | Place    | Note
-------+----------+-------------------------------------------
     0 | D        | Hexicom the Hill Orc Berserker began the quest for the Orb.
     0 | D        | Reached XP level 1. HP: 19/19 MP: 1/1
    14 | D        | Reached ** piety under Trog
    17 | D        | Reached skill level 5 in Axes
    63 | D        | Noticed a phantom
    63 | D        | Noticed an iguana
    63 | D        | Noticed an iguana
    66 | D        | Reached XP level 2. HP: 28/28 MP: 2/2
    69 | D        | Reached *** piety under Trog
    70 | D        | Reached skill level 5 in Fighting
    70 | D        | Reached skill level 6 in Axes
    70 | D        | Reached XP level 3. HP: 37/37 MP: 3/3
    77 | D        | Reached skill level 7 in Axes
    77 | D        | Reached XP level 4. HP: 34/45 MP: 4/4
    81 | D        | Killed a phantom
    82 | D        | Reached skill level 9 in Axes
    82 | D        | Reached XP level 5. HP: 32/55 MP: 5/5
   249 | D        | Found a roughly hewn altar of Beogh.
   249 | D        | Found a snail-covered altar of Cheibriados.
   249 | D        | Found a shadowy altar of Dithmenos.
   249 | D        | Found a white marble altar of Elyvilon.
   249 | D        | Found a blossoming altar of Fedhas.
   249 | D        | Found an opulent altar of Gozag.
   250 | D        | Found a hazy altar of Hepliaklqana.
   251 | D        | Found a viscous altar of Jiyva.
   252 | D        | Found an ancient bone altar of Kikubaaqudgha.
   253 | D        | Found a corrupted altar of Lugonu.
   254 | D        | Found a burning altar of Makhleb.
   255 | D        | Found a sparkling altar of Nemelex Xobeh.
   256 | D        | Found an iron altar of Okawaru.
   257 | D        | Found a stormy altar of Qazlal.
   258 | D        | Found a sacrificial altar of Ru.
   259 | D        | Found a shimmering blue altar of Sif Muna.
   260 | D        | Found a bloodstained altar of Trog.
   261 | D        | Found a hide-covered altar of Uskayaw.
   262 | D        | Found a radiant altar of Vehumet.
   263 | D        | Found an ornate altar of the Wu Jian Council.
   264 | D        | Found a shimmering altar of Xom.
   265 | D        | Found a basalt altar of Yredelemnul.
   266 | D        | Found a glowing silver altar of Zin.
   267 | D        | Found a glowing golden altar of the Shining One.
   346 | D        | Noticed a yak
   346 | D        | Noticed an acid dragon
   346 | D        | Noticed a kobold brigand
   346 | D        | Noticed an acid dragon
   346 | D        | Noticed a wraith
   354 | D        | Killed a wraith
   354 | D        | Reached **** piety under Trog
   355 | D        | Reached skill level 10 in Fighting
   355 | D        | Reached skill level 11 in Axes
   355 | D        | Reached XP level 6. HP: 66/66 MP: 6/6
   356 | D        | Killed an acid dragon
   357 | D        | Reached skill level 12 in Axes
   361 | D        | Reached XP level 7. HP: 74/74 MP: 7/7
   368 | D        | Killed a yak
   369 | D        | Reached skill level 13 in Axes
   517 | D        | Noticed a white ugly thing
   517 | D        | Noticed an arcanist
   517 | D        | Noticed a slime creature
   517 | D        | Noticed a vampire
   517 | D        | Noticed a manticore
   517 | D        | Noticed an arcanist
   523 | D        | Killed an arcanist
   523 | D        | Reached ***** piety under Trog
   524 | D        | Reached skill level 14 in Axes
   524 | D        | Reached skill level 10 in Armour
   524 | D        | Reached XP level 8. HP: 86/86 MP: 8/8
   525 | D        | Killed a manticore
   526 | D        | Reached skill level 15 in Axes
   531 | D        | Killed a slime creature
   532 | D        | Reached XP level 9. HP: 94/96 MP: 9/9
   534 | D        | Received a gift from Trog
   536 | D        | Killed an arcanist
   537 | D        | Reached skill level 15 in Fighting
   537 | D        | Reached skill level 16 in Axes
   543 | D        | Killed a white ugly thing
   544 | D        | Reached skill level 17 in Axes
   914 | D        | Noticed a komodo dragon
   914 | D        | Noticed a cane toad
   914 | D        | Noticed a rime drake
   914 | D        | Noticed a rime drake
   916 | D        | Killed a rime drake
   919 | D        | Noticed a boulder beetle
   922 | D        | Killed a rime drake
   923 | D        | Reached XP level 10. HP: 107/107 MP: 10/10
   925 | D        | Killed a cane toad
   925 | D        | Noticed a cane toad
   930 | D        | Reached skill level 18 in Axes
   940 | D        | Killed a boulder beetle
   940 | D        | Reached ****** piety under Trog
   940 | D        | Received a gift from Trog
   947 | D        | Killed a cane toad
   970 | D        | Noticed a cane toad
   970 | D        | Noticed a cane toad
   970 | D        | Noticed a black mamba
   976 | D        | Reached skill level 19 in Axes
   978 | D        | Noticed a lindwurm
   980 | D        | Killed a black mamba
   981 | D        | Reached skill level 15 in Armour
   981 | D        | Noticed a death yak
   984 | D        | Killed a cane toad
   988 | D        | Received a gift from Trog
   996 | D        | Killed a death yak
   998 | D        | Killed a cane toad
   999 | D        | Reached XP level 11. HP: 94/121 MP: 11/11
  1004 | D        | Killed a lindwurm
  1005 | D        | Reached skill level 20 in Axes
  1233 | D        | Identified the +2 executioner's axe of Instant Death
                  | {flame, rElec rPois rC+} (Trog gifted it to you in the
                  | Dungeon)
  1233 | D        | Received a gift from Trog
  1342 | D        | Noticed Eustachio
  1350 | D        | Killed Eustachio
  1372 | D        | Noticed Urug
  1379 | D        | Killed Urug
  1379 | D        | Received a gift from Trog
  1861 | D        | Received a gift from Trog
  1899 | D        | Noticed an orc knight
  1900 | D        | Noticed an orc high priest
  1905 | D        | Killed an orc knight
  1906 | D        | Reached skill level 21 in Axes
  1915 | D        | Noticed an orc high priest
  1918 | D        | Noticed an orc knight
  1929 | D        | Killed an orc high priest
  1932 | D        | Received a gift from Trog
  1935 | D        | Killed an orc high priest
  1948 | D        | Killed an orc knight
  2256 | D        | Found Jydghain's Jewellery Boutique.
  2256 | D        | Noticed an ogre mage
  2256 | D        | Noticed an ogre mage
  2256 | D        | Noticed a two-headed ogre
  2259 | D        | Noticed a two-headed ogre
  2261 | D        | Killed a two-headed ogre
  2264 | D        | Killed an ogre mage
  2265 | D        | Reached skill level 22 in Axes
  2265 | D        | Found Eseex's Antique Weapon Shop.
  2265 | D        | Noticed a two-headed ogre
  2267 | D        | Received a gift from Trog
  2268 | D        | Reached XP level 12. HP: 134/134 MP: 12/12
  2274 | D        | Killed an ogre mage
  2279 | D        | Killed a two-headed ogre
  2282 | D        | Killed a two-headed ogre
  2283 | D        | Found Imaiw's Antique Armour Boutique.
  2285 | D        | Received a gift from Trog
  2288 | D        | Found Sankid's Antique Weapon Shop.
  2291 | D        | Noticed an ogre mage
  2292 | D        | Noticed a two-headed ogre
  2294 | D        | Noticed a two-headed ogre
  2298 | D        | Killed an ogre mage
  2302 | D        | Killed a two-headed ogre
  2303 | D        | Reached skill level 23 in Axes
  2314 | D        | Killed a two-headed ogre
  2382 | D        | Bought a glowing scale mail for 175 gold pieces
  2382 | D        | Bought a runed scarf for 200 gold pieces
  2386 | D        | Bought the amulet "Xuepresif" {Reflect rC++ Will- SH+5
                  | Stlth+} for 743 gold pieces
  2434 | D        | Noticed Erica
  2442 | D        | Killed Erica
  2617 | D        | Noticed a tengu warrior
  2617 | D        | Noticed a centaur warrior
  2617 | D        | Noticed a six-headed hydra
  2621 | D        | Killed a two-headed hydra
  2622 | D        | Noticed a centaur warrior
  2623 | D        | Noticed a tengu reaver
  2626 | D        | Killed a centaur warrior
  2630 | D        | Received a gift from Trog
  2630 | D        | Noticed an ettin
  2639 | D        | Noticed a spriggan berserker
  2640 | D        | Noticed a fire dragon
  2646 | D        | Killed a tengu reaver
  2647 | D        | Reached skill level 24 in Axes
  2650 | D        | Noticed a brown very ugly thing
  2652 | D        | Killed a centaur warrior
  2655 | D        | Killed an ettin
  2655 | D        | Killed a tengu warrior
  2655 | D        | Received a gift from Trog
  2659 | D        | Killed a spriggan berserker
  2660 | D        | Reached XP level 13. HP: 147/148 MP: 13/13
  2661 | D        | Noticed an ice dragon
  2667 | D        | Killed a brown very ugly thing
  2675 | D        | Killed a fire dragon
  2676 | D        | Reached skill level 25 in Axes
  2681 | D        | Noticed a stone giant
  2683 | D        | Killed an ice dragon
  2689 | D        | Killed a stone giant
  3015 | D        | Noticed Azrael
  3023 | D        | Received a gift from Trog
  3028 | D        | Killed Azrael
  3354 | D        | Received a gift from Trog
  3373 | D        | Noticed an entropy weaver
  3380 | D        | Killed an entropy weaver
  3381 | D        | Reached skill level 26 in Axes
  3653 | D        | Noticed a shambling mangrove
  3658 | D        | Noticed an eleionoma
  3674 | D        | Received a gift from Trog
  3680 | D        | Killed a shambling mangrove
  3685 | D        | Killed an eleionoma
  4390 | D        | Reached skill level 27 in Axes
  4393 | D        | Received a gift from Trog
  4402 | D        | Reached XP level 14. HP: 119/163 MP: 14/14
  4409 | D        | Received a gift from Trog
  4561 | D        | Slain by an alligator snapping turtle

Illustrated notes

Levels and vault maps discovered:
D:        linesprint [early_d, line_temple, items_1, d_10, items_2, lair_1,
          lair_end, items_3, orc_1, orc_end, items_4, d_15, swamp_1, shoals_1,
          snake_1, spider_1, d_20, vaults_1, items_5, swamp_end, shoals_end,
          snake_end, spider_end, vaults_end, d_27, items_6, zot_1, zot_end,
          crypt_end, forest_end, elf_end, slime_end, tomb_end, abyss_end,
          pan_hell_end]

Skill      XL: |  1  2  3  4  5  6  7  8  9 10 11 12 13 14 |
---------------+-------------------------------------------+-----
Fighting       | 4 5 6 8 10 11 13 14 16 18 20 23 25 26 | 26.1
Axes           | 5 6 7 9 11 12 14 15 17 19 22 24 27 | 27.0
Armour         | 3 4 6 8 10 11 13 15 18 20 22 23 | 23.3
Dodging        | |  1.9

Action                     |  1- 3 |  4- 6 |  7- 9 | 10-12 | 13-15 || total
---------------------------+-------+-------+-------+-------+-------++-------
  Melee: Hand axe          |    24 |     9 |       |       |       ||    33
         War axe           |       |    11 |    30 |       |       ||    41
         Punch             |       |     1 |       |       |       ||     1
         Battleaxe         |       |       |     6 |   260 |   148 ||   414
 Invoke: Berserk           |     1 |     1 |     2 |     3 |     3 ||    10
         Trog's Hand       |       |       |       |     1 |       ||     1
  Evoke: Wand              |       |       |     1 |       |       ||     1
    Use: Potion            |       |     1 |     1 |     5 |     1 ||     8
         Scroll            |       |       |       |     3 |       ||     3
   Stab: Invisible         |       |       |       |     5 |       ||     5
 Armour: Animal skin       |     6 |     8 |       |       |       ||    14
         Chain mail        |       |    11 |    16 |   100 |   115 ||   242
  Dodge: Dodged            |     9 |    11 |     9 |    98 |    65 ||   192
  Block: Other             |       |       |       |    11 |    30 ||    41
         Reflection        |       |       |       |       |     1 ||     1

Table legend: (Time is in decaauts)
 A = Elapsed time spent in this place.
 B = Non-inter-level travel time spent in this place.
 C = Inter-level travel time spent in this place.
 D = Time resting spent in this place.
 E = Time spent auto-exploring this place.
 F = Levels seen in this place.
 G = Mean time per level.
                   A        B        C        D        E       F      G
               +--------+--------+--------+--------+--------+-----+--------+
         Total |   4469 |   4463 |      6 |   3091 |     40 |   1 | 4469.0 |
       Dungeon |   4469 |   4463 |      6 |   3091 |     40 |   1 | 4469.0 |
               +--------+--------+--------+--------+--------+-----+--------+

Top non-repeatable levels by time:
       D: 4469 daAuts
